 Dungeon Crawl Stone Soup version 0.24-a0-779-g36f0aeb843 (webtiles) character file.

Game seed: 5044735051296733248, levelgen mode: deterministic

5 temitten the Sneak (level 1, -1/9 HPs)
             Began as a Spriggan Enchanter on Oct 8, 2019.
             Slain by a hobgoblin
             ... wielding a +0 club
              (4 damage)
             ... on level 1 of the Dungeon.
             The game lasted 00:00:58 (197 turns).

temitten the Sneak (Spriggan Enchanter)              Turns: 197, Time: 00:00:59

Health: -1/9       AC:  2    Str:  4    XL:     1   Next: 66%
Magic:  5/5        EV: 18    Int: 16    God:
Gold:   0          SH:  0    Dex: 16    Spells: 4/5 levels left

rFire    . . .     SeeInvis +   a - +1 dagger
rCold    . . .     Gourm    .   (shield restricted)
rNeg     . . .     Faith    .   b - +0 robe
rPois    .         Spirit   .   (helmet restricted)
rElec    .         Reflect  .   (no cloak)
rCorr    .         Harm     .   (gloves unavailable)
MR       .....                  (boots unavailable)
Stlth    +++.......             (no amulet)
HPRegen  0.03/turn              (no ring)
MPRegen  0.09/turn              (no ring)

@: very quick
A: very small, unfitting armour, see invisible, herbivore, speed 3, slow
metabolism 2
a: no special abilities


You were on level 1 of the Dungeon.
You were not hungry.

You visited 1 branch of the dungeon, and saw 1 of its levels.

Inventory:

Hand Weapons
 a - a +1 dagger (weapon)
Armour
 b - a +0 robe (worn)
Scrolls
 c - a scroll of remove curse {unknown}
Potions
 d - a potion of curing {unknown}
Comestibles
 e - 2 rations {!d}


   Skills:
 * Level 1.3 Short Blades
 + Level 3.0 Dodging
 * Level 4.6 Stealth
 + Level 2.7 Spellcasting
 * Level 3.7 Hexes


You had 4 spell levels left.
You knew the following spells:

 Your Spells              Type           Power        Failure   Level  Hunger
a - Corona                Hex            ##.....      4%          1    #......

Your spell library contained the following spells:

 Spells                   Type           Power        Failure   Level  Hunger
 Confuse                  Hex            ##......     12%         3    ###....
 Tukima's Dance           Hex            ##......     12%         3    ###....
 Ensorcelled Hibernation  Hex/Ice        #.....       14%         2    ##.....
 Dazzling Spray           Conj/Hex       #.....       26%         3    ###....


Dungeon Overview and Level Annotations

Branches:
Dungeon (1/15)

Altars:


Innate Abilities, Weirdness & Mutations

You are very small and have problems with some larger weapons.
You are too small for most types of armour.
You have supernaturally acute eyesight. (SInv)
You are a herbivore.
You cover ground extremely quickly.
You need to consume almost no food.


Message History

You kill the hobgoblin!
You start resting.
A frilled lizard comes into view.
There is a large open door here.
You start resting.
There is a large open door here.
You see here a hobgoblin corpse.
You closely miss the frilled lizard.
The frilled lizard hisses angrily.
The frilled lizard closely misses you.
You closely miss the frilled lizard.
The frilled lizard bites you but does no damage.
You barely miss the frilled lizard.
The frilled lizard bites you but does no damage.
You hit the frilled lizard.
You kill the frilled lizard!
d - a viscous grey potion
Found a ration.
e - 2 rations {!d} (gained 1)
A frilled lizard comes into view.
The frilled lizard hisses angrily.
The frilled lizard barely misses you.
You hit the frilled lizard but do no damage.
The frilled lizard barely misses you.
You hit the frilled lizard.
You kill the frilled lizard!
You see here a frilled lizard corpse.
Found a stone staircase leading down.
Found a ration.
A rat comes into view.
Found a short sword.
A hobgoblin comes into view. It is wielding a +0 club.
The helpless rat fails to defend itself.
You impale the rat!!
You kill the rat!
The hobgoblin shouts!
You see here a rat corpse.
The hobgoblin barely misses you.
You barely miss the hobgoblin. The hobgoblin closely misses you.
You hit the hobgoblin but do no damage. The hobgoblin barely misses you.
You barely miss the hobgoblin. The hobgoblin completely misses you.
You closely miss the hobgoblin. The hobgoblin hits you with a +0 club.
You hit the hobgoblin. You hit the hobgoblin. The hobgoblin closely misses you.
You hit the hobgoblin. The hobgoblin misses you.
You closely miss the hobgoblin. The hobgoblin hits you with a +0 club.
* * * LOW HITPOINT WARNING * * *
You barely miss the hobgoblin. The hobgoblin barely misses you.
You completely miss the hobgoblin. The hobgoblin hits you with a +0 club.
You die...

......###
..%.>..##########
#............##
#...#####.....#
#...#
#.###.######
#######.## #.#
#.......
.......†.#
#.###.######
#######..#
#.....###### #@.#
#......†.... #g.#
#.#..####### .).#
#.#.. ## ..#..
..... #. ... .##
#.### #.# .... ..
... #.# .#... .#
#. ... #.#... .#
###. #.


You could see a hobgoblin.

Vanquished Creatures
  2 hobgoblins (D:1)
  A bat (D:1)
  2 frilled lizards (D:1)
  A rat (D:1)
6 creatures vanquished.

Notes
Turn   | Place    | Note
-------+----------+-------------------------------------------
     0 | D:1      | temitten the Spriggan Enchanter began the quest for the
                  | Orb.
     0 | D:1      | Reached XP level 1. HP: 9/9 MP: 5/5
   197 | D:1      | Slain by a hobgoblin

Levels and vault maps discovered:
D:1:      lightli_arrival_noodles, layout_loops_ring

Action                   || total
-------------------------++-------
Melee: Dagger            ||    33
 Stab: Sleeping          ||     2
Armor: Robe              ||     4
Dodge: Dodged            ||    21

Table legend:
 A = Non-vault XP
 B = Vault XP
 C = Vault XP percentage of total XP
 D = Non-vault monster count
 E = Vault monster count
 F = Vault count percentage of total count
                 A         B        C        D         E       F
            +---------+---------+-------+---------+---------+-------
      Total |       8 |       0 |   0.0 |       6 |       0 |   0.0
            +---------+---------+-------+---------+---------+-------
        D:1 |       8 |       0 |   0.0 |       6 |       0 |   0.0
            +---------+---------+-------+---------+---------+-------
